 Dungeon Crawl Stone Soup version 0.31.0-4-g52a2dc7128 (webtiles) character file.

Game seed: 8420296642946806555

129827 dorian the Bludgeoner (level 17, -2/191 HPs)
             Began as an Oni Gladiator on Jan 21, 2024.
             Was a High Priest of Okawaru.
             Slain by the 27-headed Lernaean hydra (9 damage)
             ... on level 4 of the Swamp.
             The game lasted 01:18:21 (35723 turns).

dorian the Bludgeoner (Oni Gladiator)              Turns: 35723, Time: 01:18:21

Health: -2/191     AC: 11    Str: 28    XL:     17   Next: 6%
Magic:  33/33      EV: 10    Int:  9    God:    Okawaru [*****.]
Gold:   1725       SH:  0    Dex: 10    Spells: 16/16 levels left

rFire   + + +        B - +7 great mace "Firestarter" {flame, immolate, rFlCloud rF++}
rCold   + . .        (shield currently unavailable)
rNeg    . . .        J - +0 acid dragon scales
rPois   +            c - +1 hat
rElec   .            L - scarf "Paklen" {rC+ rF+, Will- Regen+ rCorr MP+9}
rCorr   +            (gloves unavailable)
SInv    .            (boots unavailable)
Will    .....        e - amulet of regeneration
Stlth   +            l - ring of poison resistance
HPRegen 2.11/turn    b - ring of flight
MPRegen 0.23/turn

%: no passive effects
@: flying
A: large, unfitting armour, horns 1, tough skin 1, double potion healing,
drunken brawling
a: Renounce Religion, Heroism, Finesse, Duel


You were on level 4 of the Swamp.
You worshipped Okawaru.
Okawaru was extremely pleased with you.
You visited 5 branches of the dungeon, and saw 27 of its levels.
You also visited: Sewer, Ice Cave and Volcano.

You collected 3012 gold pieces.
You spent 1287 gold pieces at shops.

Inventory:

Hand Weapons
 j - a +5 morningstar of flaming
 m - a +0 giant spiked club
 B - the +7 great mace "Firestarter" (weapon) {flame, immolate, rFlCloud rF++}
   (You bought it in a shop on level 2 of the Orcish Mines)

   rFlCloud:  It grants immunity to clouds of flame.
   rF++:      It greatly protects you from fire.
Missiles
 u - 10 atropa-tipped darts
 x - 8 javelins
 C - 21 poisoned darts
 I - 13 large rocks
 K - 4 throwing nets
 M - 9 curare-tipped darts
 S - 12 boomerangs (quivered)
Armour
 c - a +1 hat (worn)
 J - +0 acid dragon scales (worn)
 L - the scarf "Paklen" (worn) {rC+ rF+, Will- Regen+ rCorr MP+9}
   (You found it on level 15 of the Dungeon)

   Will-:     It decreases your willpower.
   MP+9:      It affects your magic capacity (+9).
   Regen+:    It increases your rate of health regeneration.
   rCorr:     It protects you from acid and corrosion.
 Z - a +2 tower shield of cold resistance
Jewellery
 b - a ring of flight (right hand)
 e - an amulet of regeneration (around neck)
 l - a ring of poison resistance (left hand)
 o - an amulet of faith
 P - a ring of see invisible
 R - a ring of protection from fire
 Y - a ring of protection from cold
Wands
 g - a wand of flame (35)
 s - a wand of light (8)
 v - a wand of digging (29)
 y - a wand of polymorph (18)
 A - a wand of iceblast (9)
Scrolls
 a - a scroll of fear
 r - 2 scrolls of identify
 t - 8 scrolls of teleportation
 z - a scroll of blinking
 D - 2 scrolls of revelation
 F - 5 scrolls of immolation
 H - 3 scrolls of enchant armour
 N - 2 scrolls of fog
Potions
 d - a potion of might
 f - 5 potions of ambrosia
 h - 4 potions of haste
 i - 8 potions of mutation
 k - 4 potions of berserk rage
 n - 2 potions of resistance
 p - a potion of attraction
 q - 4 potions of curing
 w - a potion of heal wounds
 E - a potion of invisibility
 G - 4 potions of lignification
 Q - a potion of cancellation
 X - 5 potions of enlightenment
Miscellaneous
 U - a tin of tremorstones (2/2)
 V - a phantom mirror


   Skills:
 + Level 17.1 Fighting
 * Level 18.3 Maces & Flails
 + Level 13.4 Throwing
 + Level 12.6 Armour
 - Level 2.6 Dodging
 - Level 1.2 Shields
 - Level 10.0 Invocations


You had 16 spell levels left.
You didn't know any spells.
Your spell library contained the following spells:

 Spells                   Type           Power      Damage    Failure   Level
 Apportation              Tloc           0%         N/A       43%         1
 Sting                    Conj/Alch      0%         1d3       43%         1
 Cigotuvi's Dreadful Rot  Necr/Alch/Air  0%         N/A       56%         2
 Jinxbite                 Hex            0%         N/A       56%         2
 Mercury Vapours          Alch/Air       0%         N/A       56%         2
 Dazzling Flash           Conj/Hex       0%         N/A       80%         3
 Frozen Ramparts          Ice            0%         1d1       80%         3
 Hailstorm                Conj/Ice       0%         3d5       80%         3
 Inner Flame              Hex/Fire       0%         N/A       80%         3
 Mephitic Cloud           Conj/Alch/Air  0%         N/A       80%         3
 Dispel Undead            Necr           0%         3d6       99%         4
 Leda's Liquefaction      Alch/Erth      0%         N/A       99%         4
 Olgreb's Toxic Radiance  Alch           0%         N/A       99%         4
 Petrify                  Alch/Erth      0%         N/A       99%         4
 Vhi's Electric Charge    Tloc/Air       0%         N/A       99%         4
 Alistair's Intoxication  Alch           0%         N/A       100%        5
 Arcjolt                  Conj/Air       0%         1d10      100%        5
 Borgnjor's Vile Clutch   Necr/Erth      0%         N/A       100%        5
 Curse of Agony           Necr           0%         N/A       100%        5
 Irradiate                Conj/Alch      0%         3d11      100%        5
 Metabolic Englaciation   Hex/Ice        0%         N/A       100%        5
 Silence                  Hex/Air        0%         N/A       100%        5
 Eringya's Noxious Bog    Alch           0%         4d6       100%        6
 Plasma Beam              Fire/Air       0%         2x1d10    100%        6
 Ignition                 Fire           0%         3d3       100%        8
 Summon Ice Beast         Ice/Summ       Unusable   N/A       N/A         3
 Martyr's Knell           Necr/Summ      Unusable   N/A       N/A         4
 Summon Forest            Summ/Tloc      Unusable   N/A       N/A         5
 Death Channel            Necr           Unusable   N/A       N/A         6
 Sculpt Simulacrum        Ice/Alch       Unusable   N/A       N/A         6
 Summon Hydra             Summ           Unusable   N/A       N/A         7

Dungeon Overview and Level Annotations

Branches:
Dungeon (15/15) Zot: 24997  Temple (1/1) D:4 Zot: 5962    Lair (5/5) D:8 Zot: 23455
  Swamp (4/4) Lair:3 Zot: 21001   Snake (0/4) Lair:3        Slime (0/5) Lair:4
    Orc (2/2) D:9 Zot: 9583     Elf (0/3) Orc:2        Vaults (0/5) D:13
 Depths (0/4) D:15          Sewer (visited)           IceCv (visited)
Volcano (visited)

Altars:
Ashenzari
Cheibriados
Dithmenos
Elyvilon
Fedhas
Gozag
Hepliaklqana
Kikubaaqudgha
Makhleb
Nemelex Xobeh
Okawaru
Qazlal
Ru
Sif Muna
Trog
Uskayaw
Vehumet
Wu Jian
Xom
Yredelemnul
Zin
The Shining One
Jiyva

Shops:
D:2 (   D:6 *   D:8 =   Orc:2 :*[(

Annotations:
D:2 1 runed translucent door, Crazy Yiuf
D:9 3 runed translucent doors
D:12 2 transporters, Azzok's ghost, journeyman OpSh
Swamp:4 Lernaean hydra


Innate Abilities, Weirdness & Mutations

You are too large for most types of armour.
You have a pair of small horns on your head.
You have tough skin. (AC +1)
You gain doubled healing and magic from potions.
Whenever you drink a healing potion, you attack all around you.


Message History

The 27-headed Lernaean hydra closely misses you.
The 27-headed Lernaean hydra bites you but does no damage. x2
The 27-headed Lernaean hydra bites you. The 27-headed Lernaean hydra bites you!
The 27-headed Lernaean hydra bites you. x3
The 27-headed Lernaean hydra bites you!
* * * LOW HITPOINT WARNING * * *
The 27-headed Lernaean hydra bites you but does no damage.
The swamp drake breathes poison at you.
The noxious blast engulfs you but does no damage.
You resist.
There is a stone staircase leading up, spattered with blood here.
The swamp dragon breathes poison at you.
The blast of poison engulfs you. You resist.
* * * LOW HITPOINT WARNING * * *
The 27-headed Lernaean hydra is engulfed in blazing flames.
The 27-headed Lernaean hydra bites you but does no damage. x2
The 27-headed Lernaean hydra bites you.
* * * LOW HITPOINT WARNING * * *
The 27-headed Lernaean hydra bites you!
* * * LOW HITPOINT WARNING * * *
The 27-headed Lernaean hydra bites you.
* * * LOW HITPOINT WARNING * * *
The 27-headed Lernaean hydra completely misses you.
The 27-headed Lernaean hydra bites you!
* * * LOW HITPOINT WARNING * * *
The 27-headed Lernaean hydra bites you.
* * * LOW HITPOINT WARNING * * *
The 27-headed Lernaean hydra bites you.
* * * LOW HITPOINT WARNING * * *
The 27-headed Lernaean hydra bites you.
* * * LOW HITPOINT WARNING * * *
The 27-headed Lernaean hydra closely misses you.
The 27-headed Lernaean hydra bites you.
* * * LOW HITPOINT WARNING * * *
The 27-headed Lernaean hydra bites you but does no damage. x3
The 27-headed Lernaean hydra bites you.
* * * LOW HITPOINT WARNING * * *
The 27-headed Lernaean hydra bites you but does no damage. x3
The 27-headed Lernaean hydra bites you!
You die...

♣~.~~..~.§.~~~~.~
♣♣.~~§..~~~§~~~~.~
♣♣♣$~§~~.$..<☼§D~~.~
♣♣~~~~~~~~~†♣♣§~~.~..
♣~§.!.~~~~~.♣ ~~~~~~.
.§§§§§~~~~♣ ♣.~~~~~
♣§§§○○○~~♣ ♣.~~~~
♣§§§§○○○♣ ~§§~~
♣☼§°@○○~♣♣ (~~~
♣§.D§°~..♣ ...~
♣§.~~°~~.~♣
♣♣°°°D~~~~♣
♣.~~~k~~~§.~
♣~(.~~~~..♣§~
♣~~~~~°...♣ ♣
♣.~~§~~~...
.~~~~§.D....


You could see the 27-headed Lernaean hydra, a swamp dragon (catching breath) and
a swamp drake (catching breath).

Vanquished Creatures
  Frances (D:13)
  The ghost of Silenth the Unseen, an adept KoHu of Okawaru (Swamp:3)
  2 fenstrider witches
  An orc warlord (Orc:2)
  An ironbound preserver (D:13)
  An eleionoma (Swamp:1)
  Nessos (D:14)
  3 bunyips
  Snorg (D:13)
  A quicksilver dragon zombie (D:15)
  2 ice dragons
  Harold (Orc:1)
  The ghost of Suk Xiy the Grappler, a journeyman DrSh of Yredelemnul (Lair:2)
  Josephine (D:13)
  Fannar (Orc:1)
  5 boulder beetles
  12 hydras
  A spriggan air mage (Swamp:1)
  3 ghost crabs
  4 alligators
  A catoblepas (Lair:4)
  3 death knights
  5 centaur warriors
  2 tengu warriors (D:15)
  A dancing weapon (Lair:2)
  3 two-headed ogres
  An orc high priest (Orc:2)
  A death yak (Lair:4)
  Nergalle (Orc:1)
  10 spriggans
  Sonja (D:13)
  A sun demon (Volcano)
  A skyshark (Lair:5)
  4 skeletal warriors
  A flayed ghost (D:15)
  3 spriggan druids
  2 lindwurms
  5 swamp dragons
  3 goliath frogs
  2 bog bodies
  A necromancer (D:15)
  2 phantasmal warriors (D:14)
  2 deep elf pyromancers (D:13)
  3 orc knights
  3 will-o-the-wisps
  5 orc sorcerers
  A manticore (D:14)
  A cyclops (D:13)
  10 ugly things
  16 elephants
  2 kobold blastminers
  A molten gargoyle (Volcano)
  4 black mambas
  A torpor snail (Lair:4)
  22 cane toads
  2 ice statues (IceCv)
  2 unseen horrors (D:11)
  6 gargoyles
  5 rime drakes
  Maggie (D:6)
  2 efreet (D:15)
  3 tengu conjurers
  6 freezing wraiths
  15 komodo dragons
  A red devil (Volcano)
  A queen bee (D:10)
  4 trolls
  2 polar bears (Lair:4)
  4 hornets
  7 tyrant leeches
  A polar bear (shapeshifter) (D:13)
  Grinder (D:4)
  4 slime creatures
  27 blink frogs
  A spriggan skeleton (D:15)
  Sigmund (D:2)
  3 wyverns
  13 wraiths
  Eustachio (D:6)
  60 yaks
  7 basilisks
  2 fire bats (Volcano)
  10 vampire mosquitoes
  6 wargs
  A steam dragon (D:8)
  An acid dragon (D:12)
  2 nagas (Lair:3)
  17 swamp worms
  14 water moccasins
  3 swamp drakes
  4 laughing skulls
  29 orc warriors
  3 ice beasts (D:6)
  3 sky beasts
  A meliai simulacrum (D:14)
  A black bear (D:6)
  13 wolves
  5 ogres
  5 centaurs
  5 kobold brigands
  2 phantoms (D:5)
  2 wyvern zombies (D:7)
  3 scorpions
  12 bullfrogs
  A water moccasin skeleton (D:7)
  2 burial acolytes (D:7)
  7 wights
  6 lindwurm simulacra (IceCv)
  23 killer bees
  5 howler monkeys
  2 electric eels (Lair:5)
  A bullfrog zombie (D:7)
  3 bombardier beetles
  3 crimson imps (D:8)
  6 lava snakes (Volcano)
  6 komodo dragon simulacra (IceCv)
  A human zombie (D:7)
  2 jellies
  2 centaur zombies (D:7)
  2 gnoll boudas
  20 orc priests
  2 sleepcaps
  Natasha (D:2)
  2 iguanas
  27 orc wizards
  4 hell rats (Lair:4)
  A killer bee zombie (D:7)
  Robin (D:4)
  24 gnolls
  5 acid dragon simulacra (IceCv)
  9 adders
  2 shadow imps
  5 white imps
  4 steam dragon simulacra (IceCv)
  3 ribbon worms
  5 dart slugs
  87 orcs
  9 endoplasms
  3 giant cockroaches
  14 goblins
  7 hobgoblins
  9 jackals (D:2)
  3 quokkas
  8 ball pythons
  4 bats
  9 frilled lizards
  33 kobolds
  9 rats
875 creatures vanquished.

Vanquished Creatures (others)
  Psyche (D:8)
  A bloated husk (Swamp:1)
  An orc (Orc:1)
  12 foxfires
15 creatures vanquished.

Grand Total: 890 creatures vanquished

Notes
Turn   | Place    | Note
-------+----------+-------------------------------------------
     0 | D:1      | dorian the Oni Gladiator began the quest for the Orb.
     0 | D:1      | Reached XP level 1. HP: 22/22 MP: 1/1
    82 | D:1      | Reached XP level 2. HP: 20/29 MP: 2/2
   726 | D:2      | Reached XP level 3. HP: 34/37 MP: 3/3
   862 | D:2      | Found Wucu's Weapon Shop.
   901 | D:2      | Noticed Sigmund
   909 | D:2      | Killed Sigmund
   910 | D:2      | Reached skill level 4 in Maces & Flails
   910 | D:2      | Reached XP level 4. HP: 37/48 MP: 4/4
   910 | D:2      | Reached XP level 5. HP: 42/54 MP: 5/5
  1225 | D:2      | Noticed Natasha
  1231 | D:2      | Killed Natasha
  1232 | D:2      | Reached skill level 5 in Maces & Flails
  1305 | D:2      | Reached XP level 6. HP: 63/63 MP: 6/6
  1685 | D:2      | Found a runed translucent door.
  1686 | D:2      | Noticed Crazy Yiuf
  2113 | D:3      | Found a glowing drain.
  2127 | Sewer    | Entered a sewer
  2178 | Sewer    | Reached skill level 5 in Fighting
  2510 | Sewer    | Reached XP level 7. HP: 44/72 MP: 7/7
  2826 | D:3      | Found a shadowy altar of Dithmenos.
  2827 | D:3      | Noticed a shadow
  2830 | D:3      | Found a hazy altar of Hepliaklqana.
  3057 | D:3      | Found a faded altar of an unknown god.
  3468 | D:4      | Reached skill level 6 in Maces & Flails
  3650 | D:4      | Noticed Grinder
  3660 | D:4      | Paralysed by Grinder for 5 turns
  3688 | D:4      | Paralysed by Grinder for 3 turns
  3693 | D:4      | Killed Grinder
  3959 | D:4      | Noticed Robin
  3979 | D:4      | Reached XP level 8. HP: 64/83 MP: 8/8
  3984 | D:4      | Killed Robin
  4171 | D:4      | Found a staircase to the Ecumenical Temple.
  4180 | Temple   | Entered the Ecumenical Temple
  4200 | Temple   | Became a worshipper of Warmaster Okawaru
  4587 | D:5      | Entered Level 5 of the Dungeon
  4611 | D:5      | Reached skill level 7 in Maces & Flails
  4785 | D:5      | Reached skill level 5 in Throwing
  5221 | D:5      | Reached * piety under Okawaru
  5709 | D:5      | Found a glowing silver altar of Zin.
  5978 | D:6      | Reached skill level 8 in Maces & Flails
  6345 | D:6      | Reached XP level 9. HP: 94/94 MP: 9/9
  6367 | D:6      | Reached ** piety under Okawaru
  6502 | D:6      | Reached skill level 9 in Maces & Flails
  7436 | D:7      | Noticed Maggie
  7462 | D:6      | Noticed Eustachio
  7466 | D:6      | Killed Maggie
  7474 | D:6      | Killed Eustachio
  7619 | D:6      | Found a basalt altar of Yredelemnul.
  7721 | D:6      | Found Ynneoz's Gadget Gallery.
  7916 | D:6      | Reached skill level 10 in Maces & Flails
  8574 | D:6      | You fall into a shaft and drop 2 floors!
  8753 | D:7      | Found an ornate altar of the Wu Jian Council.
  8775 | D:7      | Reached XP level 10. HP: 94/106 MP: 10/10
  8809 | D:7      | Reached *** piety under Okawaru
  8993 | D:7      | HP: 5/100 [wyvern zombie (9)]
  9684 | D:7      | Found an ancient bone altar of Kikubaaqudgha.
  9906 | D:7      | Reached skill level 1 in Invocations
  9986 | D:8      | Found an opulent altar of Gozag.
 10125 | D:8      | Noticed Psyche
 10135 | D:8      | Killed Psyche
 10332 | D:8      | Reached skill level 10 in Fighting
 10547 | D:8      | Reached skill level 11 in Maces & Flails
 10558 | D:8      | Reached skill level 1 in Armour
 10635 | D:8      | Found a sacrificial altar of Ru.
 10897 | D:8      | Found a staircase to the Lair.
 11169 | D:8      | Found Ononwi's Jewellery Shoppe.
 11171 | D:8      | Identified the +1 pair of gloves "Fiuby" {+Blink Will+
                  | Int+2}
 12145 | D:9      | Found a staircase to the Orcish Mines.
 12810 | D:9      | Found a runed translucent gate.
 12810 | D:9      | Found a runed translucent gate.
 12810 | D:9      | Found a runed translucent gate.
 12810 | D:9      | Noticed a white ugly thing
 12810 | D:9      | Noticed a wolf spider
 12810 | D:9      | Noticed a red ugly thing
 12810 | D:9      | Noticed a glowing orange brain
 12811 | D:9      | Noticed a red ugly thing
 12811 | D:9      | Noticed a purple ugly thing
 12812 | D:9      | a wolf spider changed into a sun moth
 12812 | D:9      | Noticed a sun moth (glowing shapeshifter)
 12814 | D:9      | a sun moth changed into a queen bee
 12915 | D:9      | Noticed a two-headed ogre
 12922 | D:9      | Killed a two-headed ogre
 12923 | D:9      | Reached XP level 11. HP: 111/119 MP: 13/13
 13029 | D:9      | an eye of devastation changed into a shining eye
 13029 | D:9      | Noticed a shining eye (glowing shapeshifter)
 13031 | D:9      | a shining eye changed into a faun
 13031 | D:9      | Noticed a faun (glowing shapeshifter)
 13035 | D:9      | a faun changed into an ogre
 13050 | D:10     | Entered Level 10 of the Dungeon
 13062 | D:9      | Reached **** piety under Okawaru
 14214 | D:10     | Reached skill level 12 in Maces & Flails
 14486 | D:11     | Noticed a centaur warrior
 14494 | D:11     | Killed a centaur warrior
 14494 | D:11     | Reached ***** piety under Okawaru
 14700 | D:11     | Reached skill level 5 in Invocations
 14706 | D:11     | Reached skill level 5 in Armour
 15143 | D:11     | Noticed a purple ugly thing
 15155 | D:11     | Killed a purple ugly thing
 15752 | D:12     | Reached XP level 12. HP: 86/130 MP: 16/16
 15981 | D:12     | Noticed a two-headed ogre
 15994 | D:12     | Killed a two-headed ogre
 16543 | D:12     | Found a transporter.
 16544 | D:12     | Found a bloodstained altar of Trog.
 16544 | D:12     | Noticed a two-headed ogre
 16546 | D:12     | Noticed an ettin
 16546 | D:12     | Noticed Azzok's ghost (journeyman OpSh)
 16548 | D:12     | Noticed a two-headed ogre
 16551 | D:12     | Found a transporter.
 16869 | Lair:1   | Entered Level 1 of the Lair of Beasts
 17048 | Lair:1   | Received a gift from Okawaru
 17076 | Lair:1   | Reached skill level 13 in Maces & Flails
 17141 | Lair:1   | Found a dark tunnel.
 17154 | Volcano  | Entered a volcano
 17727 | Volcano  | Found a burning altar of Makhleb.
 17727 | Volcano  | Noticed a sun demon
 17747 | Volcano  | Killed a sun demon
 17945 | Volcano  | Paralysed by an orc sorcerer for 3 turns
 18716 | Lair:1   | HP: 3/133 [blink frog (5)]
 18919 | Lair:1   | Reached XP level 13. HP: 103/141 MP: 18/18
 19693 | Lair:2   | Reached skill level 10 in Throwing
 20129 | Lair:2   | Received a gift from Okawaru
 20298 | Lair:2   | Reached skill level 14 in Maces & Flails
 20503 | Lair:2   | Found a runed translucent door.
 20503 | Lair:2   | Found a shimmering altar of Xom.
 20503 | Lair:2   | Noticed Suk Xiy's ghost (journeyman DrSh)
 20865 | Lair:3   | Found a staircase to the Snake Pit.
 21700 | Lair:3   | Found a staircase to the Swamp.
 21982 | Lair:4   | Found a frozen archway.
 21983 | Lair:4   | Noticed an ice dragon
 22017 | Lair:4   | Killed an ice dragon
 22057 | IceCv    | Entered an ice cave
 22161 | IceCv    | Reached XP level 14. HP: 121/154 MP: 20/20
 22725 | IceCv    | Got the Papyrus of Ice
 23250 | Lair:4   | Found a viscous altar of Jiyva.
 23251 | Lair:4   | Found a staircase to the Slime Pits.
 23583 | Lair:5   | Entered Level 5 of the Lair of Beasts
 23843 | Lair:5   | Reached skill level 15 in Maces & Flails
 24017 | Lair:5   | Reached skill level 10 in Armour
 24141 | Lair:5   | Received a gift from Okawaru
 24492 | Lair:5   | Reached skill level 10 in Invocations
 24746 | Lair:5   | Reached XP level 15. HP: 165/165 MP: 22/22
 25471 | Orc:1    | Entered Level 1 of the Orcish Mines
 25471 | Orc:1    | Noticed Fannar
 25488 | Orc:1    | Killed Fannar
 25857 | Orc:1    | Noticed Nergalle
 25867 | Orc:1    | Killed Nergalle
 26039 | Orc:1    | Noticed Harold
 26045 | Orc:1    | Killed Harold
 26210 | Orc:2    | Entered Level 2 of the Orcish Mines
 26210 | Orc:2    | Found a staircase to the Elven Halls.
 26288 | Orc:2    | Reached skill level 16 in Maces & Flails
 27134 | Orc:2    | Reached skill level 1 in Shields
 27274 | Orc:2    | Reached skill level 15 in Fighting
 27297 | Orc:2    | Found Acihit's Book Shop.
 27431 | Orc:2    | Found Luef's General Store.
 27443 | Orc:2    | Bought the +7 great mace "Firestarter" {flame, immolate,
                  | rFlCloud rF++} for 925 gold pieces
 27443 | Orc:2    | Found the +7 great mace "Firestarter" {flame, immolate,
                  | rFlCloud rF++}
 27523 | Orc:2    | Received a gift from Okawaru
 27524 | Orc:2    | Noticed an orc warlord
 27567 | Orc:2    | Killed an orc warlord
 27732 | Orc:2    | Found Ebrules's Antique Armour Shop.
 27739 | Orc:2    | Found Ichusuf's Antique Weapon Boutique.
 27751 | Orc:2    | Bought a glowing cloak for 180 gold pieces
 27997 | D:13     | Noticed Josephine
 28003 | D:13     | Killed Josephine
 28079 | D:13     | Noticed Sonja
 28088 | D:13     | Killed Sonja
 28194 | D:13     | Noticed Snorg
 28195 | D:13     | Found a gate to the Vaults.
 28286 | D:13     | Killed Snorg
 28460 | D:13     | Received a gift from Okawaru
 28503 | D:13     | Noticed Frances
 28520 | D:13     | Killed Frances
 28631 | D:13     | Found a shadowy altar of Dithmenos.
 29023 | Orc:2    | Bought a scroll of blinking for 97 gold pieces
 29023 | Orc:2    | Bought 4 atropa-tipped darts for 46 gold pieces
 29023 | Orc:2    | Bought a scroll of teleportation for 39 gold pieces
 29154 | D:14     | Noticed Nessos
 29159 | D:14     | Killed Nessos
 29490 | D:14     | Reached XP level 16. HP: 133/179 MP: 23/23
 29559 | D:14     | Reached skill level 17 in Maces & Flails
 30133 | D:15     | Entered Level 15 of the Dungeon
 30236 | D:15     | Found a staircase to the Depths.
 30467 | D:15     | Identified the scarf "Paklen" {rC+ rF+, Will- Regen+ rCorr
                  | MP+9}
 31128 | D:15     | Received a gift from Okawaru
 31661 | D:15     | Found a blossoming altar of Fedhas.
 32059 | Lair:2   | Paralysed by a +3 double sword of chaos for 1 turns
 32076 | Lair:2   | Killed Suk Xiy's ghost
 32555 | Swamp:1  | Entered Level 1 of the Swamp
 32679 | Swamp:1  | Received a gift from Okawaru
 32892 | Swamp:1  | Noticed a fenstrider witch
 32903 | Swamp:1  | Paralysed by a fenstrider witch for 5 turns
 32909 | Swamp:1  | Killed a fenstrider witch
 33593 | Swamp:2  | Noticed a fenstrider witch
 33837 | Swamp:2  | You fall into a shaft and drop 1 floor!
 33919 | Swamp:2  | Paralysed by a fenstrider witch for 5 turns
 33979 | Swamp:2  | Killed a fenstrider witch
 34079 | Swamp:2  | Reached skill level 18 in Maces & Flails
 34314 | Swamp:2  | Identified the +1 leather armour "Enenaemy" {Fly rPois}
 34508 | Swamp:3  | Found a large runed translucent door.
 34508 | Swamp:3  | Found a large runed translucent door.
 34512 | Swamp:3  | Noticed Silenth's ghost (adept KoHu)
 35025 | Swamp:3  | Received a gift from Okawaru
 35296 | Swamp:3  | Identified the +7 plate armour of Midsummer {Str+6}
 35354 | Swamp:3  | Killed Silenth's ghost
 35532 | Swamp:4  | Entered Level 4 of the Swamp
 35617 | Swamp:4  | Reached XP level 17. HP: 182/188 MP: 24/24
 35717 | Swamp:4  | Noticed the 27-headed Lernaean hydra
 35723 | Swamp:4  | HP: 7/191 [the 27-headed Lernaean hydra (5)]
 35723 | Swamp:4  | Slain by the 27-headed Lernaean hydra

Illustrated notes

Levels and vault maps discovered:
D:1:      heliophobic_arrival_henge, layout_basic
D:2:      layout_basic, serial_shops, nicolae_shop_bloodbath_and_beyond,
          uniq_natasha, uniq_crazy_yiuf_cottage, uniq_sigmund
D:3:      layout_loops_ring, riverfiend_overflow_shadow_ancestor,
          portal_sewer_entry_d, shapermc_ecumenical_altar_flowoftime
D:4:      layout_basic, minmay_temple_entry_antechambers, uniq_grinder,
          uniq_robin
D:5:      layout_basic, zin_treasury
D:6:      minmay_spotlight, layout_loops_cross,
          mainiacjoe_overflow_cross_hatched, nicolae_shop_gadgets,
          uniq_eustachio
D:7:      layout_cave_pools, nzn_wu_jian_contemplation,
          lemuel_mausoleum_altar_kikubaaqudgha, uniq_maggie
D:8:      layout_basic, grunt_gozag_breadcrumbs, nicolae_ru_awakened_eye,
          david_lair_shrubbed, serial_shops, shop, minmay_fire_ice_demons,
          uniq_psyche
D:9:      layout_roguey, erik_orc_4,
          ploomutoo_gammafunk_ghost_potion_laboratory, minmay_misc_feat_tower
D:10:     layout_rooms, special_room [special_room_bee], kennysheep_doodads
D:11:     layout_loops_ring
D:12:     layout_cave_pools, gammafunk_ghost_wrathful_warriors,
          kennysheep_generic_room_9
D:13:     layout_gridville, skrybe_vaults_entry_preservation,
          nicolae_dithmenos_through_a_glass_darkly, uniq_sonja, uniq_frances,
          uniq_josephine, uniq_snorg
D:14:     nicolae_BIG_FREAKIN_CUBE, layout_long_grid,
          minmay_misc_feat_secret_circle, uniq_nessos
D:15:     gammafunk_depths_entry_grave, layout_layer_cave,
          nicolae_twisty_statue_hallways, fedhas_altar_3
Temple:   nicolae_temple_bog_church
Lair:1:   layout_roguey, nicolae_volcano_entry_vermiform, serial_bayou_shore_b,
          lemuel_fruit_tree, infiniplex_staircase_pool, serial_bayou_shore_b
Lair:2:   layout_long_grid, ebering_ghost_xom
Lair:3:   layout_regular_city, mainiacjoe_swamp_entry_angry_trees,
          minmay_snake_entry_guardpost_small, kennysheep_basilisk_garden
Lair:4:   nzn_winding_woodlands_huge [nzn_winding_woodlands_5x15_sawtooth,
          nzn_winding_woodlands_5x15_pool,
          nzn_winding_woodlands_5x15_river_crossing,
          nzn_winding_woodlands_5x15_split_checker,
          nzn_winding_woodlands_5x15_jagged, nzn_winding_woodlands_5x15_twine,
          nzn_winding_woodlands_5x15_sidewinder,
          nzn_winding_woodlands_5x15_garden, nzn_winding_woodlands_5x15_eye,
          nzn_winding_woodlands_5x15_lazy_stream,
          nzn_winding_woodlands_center_garden,
          nzn_winding_woodlands_center_pierced_h,
          nzn_winding_woodlands_15x15_eel_pit], layout_gridlike, slime_entry_1,
          portal_ice_cave_entry_animals_and_master,
          hangedman_lair_unloving_vines
Lair:5:   minmay_lair_end_frog_pond, layout_loops_ring
Swamp:1:  layout_falls_marsh, evilmike_swamp_ruin_house_3,
          nicolae_swamp_tree_isthmus
Swamp:2:  layout_falls_marsh, nicolae_swamp_dense_foliage,
          cheibrodos_swamp_witchery
Swamp:3:  nicolae_swamp_secret_spriggan_hideout, layout_basic_swamp,
          ebering_ghost_disaster_area, serial_swamp_ruin,
          evilmike_swamp_ruin_house_4, evilmike_swamp_ruin_house_2,
          evilmike_swamp_ruin_house_5, swamp_pool_3
Swamp:4:  swamp, layout_basic_swamp
Orc:1:    layout_caves, nicolae_orc_stalacmites, lightli_orcish_oven,
          uniq_harold, uniq_fannar, uniq_nergalle
Orc:2:    grunt_orc_community_town_hall, layout_caves,
          grunt_orc_community_big_house_2, grunt_orc_community_big_house_1,
          grunt_orc_community_house_2, grunt_orc_community_house_1,
          grunt_orc_community_house_1, grunt_orc_community_house_1,
          grunt_orc_community_house_1

Skill      XL: |  1  2  3  4  5  6  7  8  9 10 11 12 13 14 15 16 |
---------------+-------------------------------------------------+-----
Fighting       | 3 4 5 6 7 9 10 11 12 13 14 15 17 | 17.1
Maces & Flails | 4 5 6 8 10 11 12 13 14 15 16 18 | 18.3
Throwing       | 3 4 5 7 8 9 10 11 12 13 | 13.4
Invocations    | 3 5 7 8 10 | 10.0
Armour         | 3 5 7 9 10 11 12 | 12.6
Shields        | 1 |  1.2
Dodging        | |  2.6

Action                     |  1- 3 |  4- 6 |  7- 9 | 10-12 | 13-15 | 16-18 || total
---------------------------+-------+-------+-------+-------+-------+-------++-------
  Melee: Flail             |    63 |   134 |   299 |       |       |       ||   496
         Headbutt          |     4 |    13 |    60 |   149 |   319 |    61 ||   606
         Punch             |       |     3 |     4 |    16 |    30 |       ||    53
         Morningstar       |       |       |    51 |   794 |  1128 |       ||  1973
         Great mace        |       |       |       |       |   171 |   330 ||   501
  Throw: Throwing net      |     1 |     3 |     1 |       |       |       ||     5
         Dart              |       |     7 |    54 |   165 |    76 |       ||   302
         Large rock        |       |       |     3 |     2 |     4 |       ||     9
         Boomerang         |       |       |       |       |    34 |    66 ||   100
         Javelin           |       |       |       |       |    46 |       ||    46
 Invoke: Heroism           |       |       |       |    13 |    24 |     4 ||    41
         Finesse           |       |       |       |     3 |    10 |     5 ||    18
  Evoke: Wand              |       |       |     2 |     9 |     8 |       ||    19
         Tin of tremorston |       |       |       |       |     1 |       ||     1
    Use: Scroll            |     5 |     2 |    10 |    13 |     8 |     6 ||    44
         Potion            |       |     1 |     2 |    11 |     7 |       ||    21
   Stab: Held in net/web   |     1 |     1 |       |       |       |       ||     2
         Sleeping          |       |       |     1 |       |       |       ||     1
         Invisible         |       |       |       |     2 |     5 |       ||     7
 Armour: Robe              |    61 |   136 |   253 |   124 |       |       ||   574
         Steam dragon scal |       |       |       |   410 |       |       ||   410
         Acid dragon scale |       |       |       |   194 |   918 |   572 ||  1684
  Dodge: Dodged            |    46 |    84 |   158 |   396 |   484 |   164 ||  1332
         Repelled          |       |       |       |    13 |     5 |       ||    18
